 Dungeon Crawl Stone Soup version 0.22.1-5-g62c59d9 (webtiles) character file.

86 Tr0llz0r the Chopper (level 4, -7/33 HPs)
             Began as a Demonspawn Gladiator on Jan 9, 2019.
             Mangled by a gnoll
             ... wielding a +0 halberd
              (11 damage)
             ... on level 2 of the Dungeon.
             The game lasted 00:05:35 (1736 turns).

Tr0llz0r the Chopper (Demonspawn Gladiator)         Turns: 1736, Time: 00:05:36

Health: -7/33      AC: 12    Str: 16    XL:     4   Next: 27%
Magic:  3/3        EV: 10    Int:  9    God:
Gold:   73         SH:  3    Dex: 14    Spells: 3/3 levels left

rFire    . . .     SeeInvis .   a - +0 war axe
rCold    . . .     Gourm    .   i - +0 buckler
rNeg     . . .     Faith    .   m - +0 scale mail
rPois    .         Spirit   .   c - +0 helmet
rElec    .         Reflect  .   g - +0 cloak
rCorr    .         Harm     .   p - +0 pair of gloves
MR       .....                  (no boots)
Stlth    ..........             (no amulet)
HPRegen  0.11/turn              (no ring)
MPRegen  0.08/turn              (no ring)

@: no status effects
A: fangs 1, yellow scales 2, low mp 1
a: no special abilities


You were on level 2 of the Dungeon.
You were not hungry.

You visited 1 branch of the dungeon, and saw 2 of its levels.

You collected 73 gold pieces.

Inventory:

Hand Weapons
 a - a +0 war axe (weapon)
Missiles
 d - 3 throwing nets (quivered)
 j - 27 poisoned needles
 k - 49 stones
 l - 13 bolts
Armour
 c - a +0 helmet (worn)
 g - a +0 cloak (worn)
 i - a +0 buckler (worn)
 m - a +0 scale mail (worn)
 p - a +0 pair of gloves (worn)
Jewellery
 b - an uncursed ring of wizardry {unknown}
Scrolls
 o - a scroll of identify {unknown}
Potions
 e - a potion of heal wounds
 h - a potion of flight
 n - a potion of cancellation
Comestibles
 f - a ration


   Skills:
 + Level 2.3 Fighting
 + Level 3.7 Axes
 + Level 2.2 Throwing
 + Level 0.8 Armour
 + Level 3.1 Dodging
 + Level 0.3 Shields


You had 3 spell levels left.
You didn't know any spells.
Your spell library was empty.

Dungeon Overview and Level Annotations

Branches:
Dungeon (2/15)

Altars:


Innate Abilities, Weirdness & Mutations

You are mostly covered in yellow scales. (AC +3)
You have very sharp teeth.
Your magical capacity is low. (-10% MP)


Message History

The hobgoblin shouts!
You hear a shout!
The gnoll hits you with a flail!
You see here an adder corpse.
You closely miss the gnoll.
The gnoll hits you from afar with a halberd.
The gnoll hits you but does no damage.
You closely miss the gnoll. The gnoll hits you but does no damage.
A goblin comes into view.
The gnoll hits you with a flail.
Your shield prevents you from hitting the gnoll.
The gnoll hits you but does no damage. The gnoll barely misses you.
The gnoll hits you from afar with a halberd.
You closely miss the gnoll. The gnoll hits you with a flail.
* * * LOW HITPOINT WARNING * * *
The gnoll hits you from afar with a halberd.
* * * LOW HITPOINT WARNING * * *
You hit the gnoll but do no damage. You bite the gnoll, but do no damage.
The gnoll hits you but does no damage.
The gnoll hits you from afar with a halberd!
You die...

.....................##...
####......................
#................######
##...............#
##.....#.......##
#######........#
##..###..# ##..(##.#
###@#..# ##g#.##
.!.###Kgg.### #....gg....#
##......#### #..##....
..... #...... ...#
......... ... .........


You could see 3 gnolls, a hobgoblin, a goblin and a kobold.

Vanquished Creatures
  A crimson imp (D:2)
  A gnoll (D:1)
  An adder (D:2)
  A leopard gecko (D:1)
  2 giant cockroaches (D:1)
  6 goblins
  5 hobgoblins
  A jackal (D:2)
  9 kobolds (D:1)
  A bat (D:1)
  4 rats
32 creatures vanquished.

Notes
Turn   | Place    | Note
-------+----------+-------------------------------------------
     0 | D:1      | Tr0llz0r the Demonspawn Gladiator began the quest for the
                  | Orb.
     0 | D:1      | Reached XP level 1. HP: 16/16 MP: 1/1
   206 | D:1      | Gained mutation: You are partially covered in yellow
                  | scales. (AC +2) [demonic ancestry]
   206 | D:1      | Reached XP level 2. HP: 3/22 MP: 2/2
   553 | D:1      | Gained mutation: Your magical capacity is low. (-10% MP)
                  | [potion of mutation]
   553 | D:1      | Gained mutation: You have very sharp teeth. [potion of
                  | mutation]
   963 | D:1      | Gained mutation: You are mostly covered in yellow scales.
                  | (AC +3) [demonic ancestry]
   963 | D:1      | Reached XP level 3. HP: 27/27 MP: 2/2
  1702 | D:2      | Reached XP level 4. HP: 27/33 MP: 3/3
  1736 | D:2      | Mangled by a gnoll

Skill      XL: |  1  2 |
---------------+-------+-----
Throwing       | 2 |  2.2
Axes           | 3 |  3.7
Dodging        | 3 |  3.1
Fighting       | |  2.3
Armour         | |  0.8
Shields        | |  0.3

Action                   |  1- 3 |  4- 6 || total
-------------------------+-------+-------++-------
Melee: War axe           |   145 |    12 ||   157
       Bite              |    13 |     1 ||    14
Throw: Stone             |    16 |       ||    16
       Throwing net      |     9 |       ||     9
  Use: Potion            |     5 |       ||     5
  Eat: Ration            |     1 |       ||     1
       Chunk             |     1 |       ||     1
Armor: Leather armour    |     6 |       ||     6
       Scale mail        |    82 |    11 ||    93
Dodge: Dodged            |    95 |     7 ||   102
Block: Buckler           |    24 |     1 ||    25
